 Dungeon Crawl Stone Soup version 0.18-a0-1196-g09327cf (webtiles) character file.

15389 krabocopter the Blocker (level 12, -5/89 HPs)
             Began as a Formicid Fighter on Jan 28, 2016.
             Was a Believer of Ashenzari.
             Shot with a poisoned arrow by Nessos (9 damage)
             ... on level 12 of the Dungeon on Jan 29, 2016.
             The game lasted 00:55:15 (11292 turns).

krabocopter the Blocker (Formicid Fighter)         Turns: 11292, Time: 00:55:15

Health: -5/89      AC: 18    Str: 20    XL:     12   Next: 57%
Magic:  12/12      EV: 10    Int: 11    God:    Ashenzari [**....]
Gold:   545        SH: 16    Dex: 13    Spells: 0 memorised, 11 levels left

rFire  . . .     SeeInvis +     O - +3 morningstar (freeze) (curse)
rCold  + . .     Gourm    .     s - +2 chain mail {rPois}
rNeg   . . .     Faith    .     c - +0 shield
rPois  +         Spirit   .     (helmet unavailable)
rElec  .         Dismiss  .     y - +2 cloak
rCorr  .         Reflect  +     H - +0 pair of gloves
SustAt .         Harm     .     (no boots)
MR     +....                    l - +4 amulet of reflection
Stlth  ..........               (no ring)
                                G - ring of protection from cold

@: somewhat resistant to hostile enchantments, extremely unstealthy
A: permanent stasis, dig shafts and tunnels, four strong arms, antennae 3
a: Dig, Shaft Self, Scrying, Renounce Religion


You were on level 12 of the Dungeon.
You worshipped Ashenzari.
Ashenzari was pleased with you.
You were not hungry.

You visited 1 branch of the dungeon, and saw 12 of its levels.

You collected 769 gold pieces.
You spent 224 gold pieces at shops.

Inventory:

Hand Weapons
 b - a +1 quarterstaff of speed
 D - a +3 halberd of freezing
 M - the +1 whip "Dragon's Bane" {venom, *Corrode rPois rF+ Int+7}
   (You found it on level 7 of the Dungeon)

   It poisons the flesh of those it strikes.
   It affects your intelligence (+7).
   It protects you from fire.
   It protects you from poison.
   It may corrode your equipment when you take damage.
 O - a cursed +3 morningstar of freezing (weapon)
Armour
 c - a +0 shield (worn)
 s - a +2 chain mail of poison resistance (worn)
 y - a +2 cloak (worn)
 H - a +0 pair of gloves (worn)
Jewellery
 l - a +4 amulet of reflection (around neck)
 B - an uncursed ring of fire
 G - a ring of protection from cold (left hand)
Wands
 x - a wand of fireball (4/15)
 L - a wand of paralysis (9/24)
 T - a wand of draining (11/15)
Scrolls
 a - a scroll of recharging {unknown}
 j - 13 scrolls of identify
 k - 5 scrolls of amnesia
 m - 4 scrolls of enchant armour {unknown}
 n - a scroll of random uselessness {unknown}
 p - 3 scrolls of noise {unknown}
 r - 4 scrolls of magic mapping {unknown}
 z - 3 scrolls of teleportation {unknown}
 C - a scroll of fog {unknown}
 E - 3 scrolls of blinking {unknown}
 F - 2 scrolls of fear {unknown}
 J - a scroll of brand weapon {unknown}
 K - 2 scrolls of vulnerability {unknown}
 R - a scroll of remove curse
Potions
 d - 2 potions of might
 e - a potion of resistance {unknown}
 g - a potion of cure mutation {unknown}
 h - 3 potions of agility
 o - 3 potions of poison {unknown}
 q - 5 potions of curing
 v - 5 potions of lignification {unknown}
 A - a potion of flight {unknown}
 N - a potion of mutation {unknown}
 P - a potion of haste {unknown}
 S - a potion of magic {unknown}
Books
 u - a book of Unlife

   Spells                             Type                      Level
   a - Recall                         Summoning/Translocation      3
   b - Animate Dead                   Necromancy                   4
   c - Control Undead                 Necromancy                   4
   d - Cigotuvi's Embrace             Necromancy                   5
   e - Death Channel                  Necromancy                   6
   f - Simulacrum                     Ice/Necromancy               6
 Q - a book of Cantrips

   Spells                             Type                      Level
   a - Corona                         Hexes                        1
   b - Animate Skeleton               Necromancy                   1
   c - Summon Small Mammal            Summoning                    1
   d - Apportation                    Translocation                1
Comestibles
 f - 7 bread rations
 i - 6 beef jerkies
 t - 5 slices of pizza
 w - 4 meat rations
 I - 9 fruits
 U - 2 chunks of flesh


   Skills:
 - Level 6.7 Fighting
   Level 3.7 Long Blades
   Level 3.2(7.3) Axes
 + Level 7.3(11.1) Maces & Flails
 - Level 7.0(9.2) Polearms
 - Level 8.4(10.6) Staves
 - Level 9.3 Armour
 - Level 5.5 Dodging
 - Level 10.0 Shields


You had 11 spell levels left.
You didn't know any spells.

Dungeon Overview and Level Annotations

Branches:
Dungeon (12/15)            Temple (0/1) D:6            Lair (0/8) D:11
    Orc (0/2) D:10

Altars:
Ashenzari
Dithmenos
Elyvilon
Fedhas
Gozag
Makhleb
Nemelex Xobeh
Pakellas
Ru
Sif Muna
Trog
Yredelemnul
Zin
The Shining One

Shops:
D:5 !   D:10 *

Annotations:
D:11 Lathuz's ghost, journeyman MiBe
D:12 Nessos


Innate Abilities, Weirdness & Mutations

You are under a permanent stasis effect.
You can dig through walls and to a lower floor.
Your four strong arms can wield two-handed weapons with a shield.
You have a pair of large antennae on your head (SInv).


Message History

Nessos shoots a poisoned arrow.
The poisoned arrow closely misses the unseen horror.
The poisoned arrow hits you! The poisoned arrow burns you.
You block the unseen horror's attack.
Nessos zaps a wand.
The bolt of lightning misses the unseen horror.
The bolt of lightning hits you!
* * * LOW HITPOINT WARNING * * *
There is an open door here.
You block the unseen horror's attack. You block the unseen horror's attack.
Nessos zaps a wand.
The bolt of lightning hits the unseen horror.
The bolt of lightning hits you!
* * * LOW HITPOINT WARNING * * *
You block the unseen horror's attack.
Nessos zaps a wand.
Nothing appears to happen.
The unseen horror hits you but does no damage.
Nessos pounds the earth with his hooves.
Nessos shoots a poisoned arrow.
The poisoned arrow hits you!
You die...

รท##### #####'### ....##
#..# ###..# ##.# * ##+# #.#
,, , * #######'## , ,
#####...#..... , ,
#############...'.###.###.
{ ,
.#..........#..###...#.#...
,, ..........@.'.##
#.#.#.#.#. , ,
*#........x.### #.#.#...#.
#..........# #.#.#####.
#...>......# #.#....... '
######'##### #####'####
#c## #..... * #..##
**#####. ##..# , ,, **
##'#** , ,


You could see Nessos and an unseen horror (invisible).

Vanquished Creatures
  Maud (D:10)
  The ghost of tasslehoff34 the Skirmisher, a novice DsCK of Xom (D:10)
  A death knight (D:12)
  4 hill giants
  A cyclops (D:11)
  An elephant (D:11)
  The ghost of PeterLawrence the Basher, a novice GrFi of Okawaru (D:5)
  A komodo dragon (D:10)
  The ghost of crawlian the Grappler, an amateur TrMo (D:6)
  3 trolls
  Prince Ribbit (D:9)
  Sigmund (D:4)
  A vampire (D:11)
  A wraith (D:11)
  13 yaks
  A wyvern (D:8)
  Eustachio (D:5)
  2 hippogriffs (D:7)
  Edmund (D:6)
  A mottled dragon (D:8)
  4 wargs (D:10)
  Menkaure (D:4)
  Duvessa (D:4)
  An ice beast (D:7)
  A sky beast (D:6)
  4 orc warriors
  A phantom (D:6)
  4 ogres
  2 centaurs
  A crocodile (D:11)
  4 big kobolds
  Blork the orc (D:5)
  9 giant frogs
  Dowan (D:4)
  A scorpion (D:10)
  8 killer bees
  13 wights
  7 crimson imps
  2 giant frog zombies
  A centaur zombie (D:9)
  2 quasits
  A wasp zombie (D:11)
  3 jellies
  2 orc priests
  A giant frog skeleton (D:9)
  Crazy Yiuf (D:4)
  6 hounds
  4 orc wizards
  6 iguanas
  7 worker ants
  A sheep (D:11)
  11 adders
  10 gnolls
  A shadow imp (D:9)
  3 oozes
  2 adder skeletons (D:9)
  An adder zombie (D:7)
  3 giant geckos
  31 orcs
  2 ball pythons
  8 bats
  5 giant cockroaches
  30 goblins
  35 hobgoblins
  10 jackals
  22 kobolds
  5 quokkas
  A giant cockroach zombie (D:5)
  10 giant newts
  8 rats
337 creatures vanquished.

Vanquished Creatures (others)
  A centaur (D:8)
  A giant frog skeleton (D:5)
  3 goblins (D:3)
  A hobgoblin (D:3)
  A kobold (D:11)
7 creatures vanquished.

Grand Total: 344 creatures vanquished

Notes
Turn   | Place    | Note
--------------------------------------------------------------
     0 | D:1      | krabocopter the Formicid Fighter began the quest for the Orb.
     0 | D:1      | Reached XP level 1. HP: 18/18 MP: 1/1
    66 | D:1      | Found a glowing golden altar of the Shining One.
   102 | D:1      | Reached XP level 2. HP: 21/24 MP: 2/2
   124 | D:1      | Reached skill level 4 in Shields
   134 | D:1      | Reached XP level 3. HP: 16/29 MP: 3/3
   920 | D:2      | Reached XP level 4. HP: 30/35 MP: 4/4
   941 | D:2      | Reached skill level 5 in Shields
  1252 | D:2      | Found a burning altar of Makhleb.
  1450 | D:3      | Reached XP level 5. HP: 41/41 MP: 5/5
  1536 | D:3      | Reached skill level 1 in Staves
  1785 | D:3      | Reached skill level 6 in Shields
  1785 | D:3      | Reached XP level 6. HP: 47/47 MP: 6/6
  2310 | D:3      | Found a deep blue altar of Sif Muna.
  2310 | D:3      | Found a bloodstained altar of Trog.
  2311 | D:3      | Found a sacrificial altar of Ru.
  2461 | D:4      | Reached XP level 7. HP: 52/52 MP: 7/7
  2479 | D:4      | Noticed Sigmund
  2495 | D:4      | Killed Sigmund
  2495 | D:4      | Reached skill level 7 in Shields
  2563 | D:4      | Noticed Duvessa
  2565 | D:4      | Noticed Dowan
  2574 | D:4      | Killed Duvessa
  2583 | D:4      | Killed Dowan
  2613 | D:4      | Found a white marble altar of Elyvilon.
  2637 | D:4      | Found a shattered altar of Ashenzari.
  2772 | D:4      | Became a worshipper of Ashenzari the Shackled
  2916 | D:4      | Reached skill level 5 in Staves
  2916 | D:4      | Reached XP level 8. HP: 58/58 MP: 8/8
  2992 | D:4      | Noticed Crazy Yiuf
  3001 | D:4      | Killed Crazy Yiuf
  3001 | D:4      | Reached skill level 8 in Shields
  3167 | D:4      | Noticed Menkaure
  3180 | D:4      | Killed Menkaure
  3432 | D:5      | Entered Level 5 of the Dungeon
  3570 | D:5      | Reached skill level 9 in Shields
  3602 | D:5      | Noticed PeterLawrence's ghost (novice GrFi)
  3636 | D:5      | Killed PeterLawrence's ghost
  3636 | D:5      | Reached XP level 9. HP: 57/64 MP: 9/9
  3671 | D:5      | Found Poeseuc's Distillery.
  3675 | D:5      | Noticed Blork the orc
  3687 | D:5      | Killed Blork the orc
  3697 | D:5      | Bought 2 potions of heal wounds for 140 gold pieces
  3697 | D:5      | Bought 2 potions of curing for 84 gold pieces
  3746 | D:5      | Reached skill level 5 in Armour
  3779 | D:5      | Noticed Eustachio
  3796 | D:5      | Killed Eustachio
  3948 | D:5      | Found a glowing golden altar of the Shining One.
  4078 | D:5      | Found a basalt altar of Yredelemnul.
  4084 | D:5      | Noticed a profane servitor
  4217 | D:5      | Noticed an angel
  4269 | D:6      | Noticed crawlian's ghost (amateur TrMo)
  4297 | D:6      | Killed crawlian's ghost
  4525 | D:6      | Noticed Edmund
  4563 | D:6      | Killed Edmund
  4813 | D:6      | Found an oddly glowing altar of Pakellas.
  4825 | D:6      | Reached skill level 1 in Long Blades
  4850 | D:6      | Reached XP level 10. HP: 57/70 MP: 10/10
  5080 | D:6      | Reached skill level 1 in Polearms
  5206 | D:6      | Found a staircase to the Ecumenical Temple.
  5438 | D:6      | Upgraded the game from 0.18-a0-1186-gd02dc51 to 0.18-a0-1195-g77a4f03
  5750 | D:7      | Reached * piety under Ashenzari
  5766 | D:7      | Found a sparkling altar of Nemelex Xobeh.
  5995 | D:7      | Reached skill level 5 in Polearms
  6201 | D:7      | Identified the +1 whip "Dragon's Bane" {venom, *Corrode rPois rF+ Int+7}
  6334 | D:8      | Found a blossoming altar of Fedhas.
  7075 | D:8      | Reached ** piety under Ashenzari
  7192 | D:9      | Noticed Prince Ribbit
  7212 | D:9      | Killed Prince Ribbit
  7336 | D:9      | Reached skill level 5 in Fighting
  7433 | D:8      | HP: 3/74 [mottled dragon (2)]
  7438 | D:8      | Reached XP level 11. HP: 17/81 MP: 11/11
  7984 | D:9      | Reached skill level 1 in Dodging
  8118 | D:9      | Found a sacrificial altar of Ru.
  8156 | D:9      | Found an opulent altar of Gozag.
  8157 | D:9      | Found a glowing silver altar of Zin.
  8208 | D:9      | Found a shadowy altar of Dithmenos.
  8355 | D:10     | Entered Level 10 of the Dungeon
  8355 | D:10     | Noticed tasslehoff34's ghost (novice DsCK)
  8363 | D:9      | Upgraded the game from 0.18-a0-1195-g77a4f03 to 0.18-a0-1196-g09327cf
  8394 | D:10     | Killed tasslehoff34's ghost
  8489 | D:10     | Noticed a hill giant
  8503 | D:10     | Killed a hill giant
  9027 | D:10     | Reached skill level 10 in Shields
  9194 | D:10     | Noticed Maud
  9489 | D:10     | Found Geegg's Assorted Antiques.
  9570 | D:10     | Killed Maud
  9570 | D:10     | Reached skill level 5 in Dodging
  9570 | D:10     | Reached XP level 12. HP: 48/89 MP: 12/12
  9861 | D:10     | Reached skill level 1 in Maces & Flails
  9897 | D:10     | Found a staircase to the Orcish Mines.
 10393 | D:11     | Found a staircase to the Lair.
 10556 | D:11     | Reached skill level 5 in Maces & Flails
 10819 | D:11     | Noticed Lathuz's ghost (journeyman MiBe)
 10866 | D:12     | Noticed a death knight
 10904 | D:12     | Killed a death knight
 11284 | D:12     | Noticed Nessos
 11284 | D:12     | Noticed an unseen horror
 11291 | D:12     | HP: 3/89 [Nessos/wand of lightning (19)]
 11292 | D:12     | Shot with a poisoned arrow by Nessos

Vault maps used:
D:1:      dpeg_arrival_solitude, serial_forest, infiniplex_forest_clump_small,
          infiniplex_forest_clump_long, infiniplex_forest_straight_2,
          infiniplex_forest_straight_3, infiniplex_forest_end_3,
          infiniplex_forest_side_room, infiniplex_forest_zigzag_1, hex_medium,
          tso_metal_star
D:2:      lemuel_round_altar
D:3:      minmay_goblin_kobold_castle, gammafunk_temple_overflow_claw,
          first_bread, minmay_statues_item, kennysheep_generic_room_10
D:4:      kennysheep_little_box, kennysheep_mini_moat, serial_bayou_pond_b,
          minmay_misc_feat_nine_boxes, uniq_menkaure, uniq_crazy_yiuf_cottage,
          uniq_duvessa, uniq_sigmund
D:5:      grunt_temple_overflow_holy_war, serial_shops, nicolae_shop_trees,
          uniq_blork_the_orc, uniq_eustachio
D:6:      grunt_pakellas_mercury, minmay_temple_entry_mist, uniq_edmund
D:7:      nicolae_overflow_crystal_walls
D:8:      lemuel_crystal_altar
D:9:      grunt_temple_overflow_gold_and_silver,
          grunt_dithmenos_smoke_and_mirrors, basic_altar, uniq_prince_ribbit1
D:10:     minmay_orc_entry_guard_dogs, serial_shops, shop_statue, uniq_maud
D:11:     david_lair_generic
D:12:     uniq_urug, uniq_nessos

Action                   |  1- 3 |  4- 6 |  7- 9 | 10-12 || total
-------------------------+-------+-------+-------+-------++-------
Melee: War axe           |   112 |    65 |       |       ||   177
       Quarterstaff      |       |   250 |   338 |   383 ||   971
       Great sword       |       |       |    44 |    13 ||    57
       Halberd           |       |       |       |   183 ||   183
       Whip              |       |       |       |   139 ||   139
       Morningstar       |       |       |       |   178 ||   178
Evoke: Wand              |       |       |       |     1 ||     1
  Use: Potion            |       |       |     1 |     7 ||     8
       Scroll            |       |       |       |     4 ||     4
 Stab: Distracted        |       |       |       |     2 ||     2
  Eat: Chunk             |       |     6 |     8 |    21 ||    35
